 Dungeon Crawl Stone Soup version 0.28-a0-622-gbaef9634d7 (webtiles) character file.

Game seed: 4733679101688887235

47 rcreutzb the Digger (level 3, -4/20 HPs)
             Began as a Gargoyle Earth Elementalist on June 28, 2021.
             Slain by an orc (7 damage)
             ... on level 3 of the Dungeon on Oct 7, 2021.
             The game lasted 00:09:11 (1859 turns).

rcreutzb the Digger (Gargoyle Earth Elementalist)   Turns: 1859, Time: 00:09:12

Health: -4/20      AC:  5    Str: 11    XL:     3   Next: 70%
Magic:  6/6        EV:  8    Int: 16    God:
Gold:   62         SH:  0    Dex: 10    Spells: 5/6 levels left

rFire   . . .      SeeInvis .   g - +1 whip (venom)
rCold   . . .      Faith    .   (no shield)
rNeg    + . .      Spirit   .   b - +0 robe
rPois   ∞          Reflect  .   (no helmet)
rElec   +          Harm     .   (no cloak)
rCorr   .          Rampage  .   (no gloves)
Will    .....                   (no boots)
Stlth   ++........              (no amulet)
HPRegen 0.06/turn               (no ring)
MPRegen 0.10/turn               (no ring)

@: constricted
A: sickness immunity, AC +3, negative energy resistance 1, electricity
resistance, torment resistance 1, petrification resistance
a: no special abilities


You were on level 3 of the Dungeon.
You visited 1 branch of the dungeon, and saw 3 of its levels.

You collected 62 gold pieces.

Inventory:

Hand Weapons
 e - a +2 dagger of pain
 g - a +1 whip of venom (weapon)
Missiles
 c - 53 stones
Armour
 b - a +0 robe (worn)
Scrolls
 d - a scroll of amnesia {unknown}
Potions
 a - a potion of curing {unknown}
 f - a potion of degeneration {unknown}
 h - a potion of mutation {unknown}
 i - a potion of haste {unknown}


   Skills:
 + Level 0.5 Fighting
 + Level 0.6 Short Blades
 + Level 0.1 Maces & Flails
 - Level 1.5 Dodging
 - Level 2.1 Stealth
 - Level 2.0 Spellcasting
 - Level 0.7 Transmutations
 + Level 5.2 Earth Magic


You had 5 spell levels left.
You knew the following spells:

 Your Spells              Type           Power      Damage    Failure   Level
a - Sandblast             Erth           36%        2d10      2%          1

Your spell library contained the following spells:

 Spells                   Type           Power      Damage    Failure   Level
 Passwall                 Tmut/Erth      9%         N/A       10%         2
 Stone Arrow              Conj/Erth      18%        3d8       22%         3
 Petrify                  Tmut/Erth      11%        N/A       52%         4
 Lee's Rapid Deconstruct  Erth           9%         3d8*      56%         5


Dungeon Overview and Level Annotations

Branches:
Dungeon (3/15)

Altars:

Shops:
D:1 [=?*


Innate Abilities, Weirdness & Mutations

You are immune to sickness and miasma.
Your stone body is resilient. (AC +3)
You are immune to poison.
You resist negative energy. (rN+)
You are resistant to electric shocks. (rElec)
You are resistant to unholy torment.
You are immune to petrification.


Message History

An orc comes into view. It is wielding a +0 flail.
You barely miss the orc wizard. The bat hits you.
The orc wizard hits you but does no damage.
An endoplasm comes into view.
An orc comes into view. It is wielding a +0 mace.
You miss the orc wizard.
The orc shouts!
The bat closely misses you. The orc wizard closely misses you.
You closely miss the orc wizard.
The endoplasm quivers.
The bat hits you.
The orc wizard hits you with a +0 dagger of draining.
The bat closely misses you.
The orc wizard hits you with a +0 dagger of draining.
You hit the orc wizard.
The orc wizard is lightly wounded.
The bat barely misses you. The bat hits you but does no damage.
The ball python closely misses you. The ball python grabs you.
The ball python constricts you.
The orc wizard hits you with a +0 dagger of draining.
You hit the orc wizard.
The orc wizard is heavily wounded.
The bat hits you. The bat hits you but does no damage.
The ball python bites you but does no damage.
The ball python constricts you.
The orc hits you from afar with a +0 trident.
* * * LOW HITPOINT WARNING * * *
The orc wizard hits you with a +0 dagger of draining.
* * * LOW HITPOINT WARNING * * *
The endoplasm jiggles.
You hit the orc wizard.
The orc wizard is heavily wounded.
The bat hits you but does no damage. The ball python barely misses you.
The ball python constricts you. The orc barely misses you.
The orc wizard hits you but does no damage.
You hit the orc wizard.
The orc wizard is poisoned.
The orc wizard is almost dead.
The ball python barely misses you. The ball python constricts you.
The orc hits you with a +0 mace!
You die...

### #.. +## #.# # ..##
#.# .# ...## #.# ##.# .
....## ##.## b.. ...
..†..####...#####o#J....
.....'..........@ooo....
.....#.##...##.##S###.#.
....##.###.###.# .#
#..###.# #.# #.# .. ..##
#.# ..# #.# ### ###
#...... ..# ####.## ###
#.


You could see an orc wizard (very poisoned), 3 orcs, an endoplasm, a bat and a
ball python.

Vanquished Creatures
  2 worms
  2 dart slugs (D:1)
  4 ball pythons (D:1)
  2 bats (D:1)
  4 endoplasms
  2 giant cockroaches (D:1)
  5 goblins
  3 hobgoblins
  A frilled lizard (D:1)
  7 kobolds
  2 rats (D:1)
34 creatures vanquished.

Notes
Turn   | Place    | Note
-------+----------+-------------------------------------------
     0 | D:1      | rcreutzb the Gargoyle Earth Elementalist began the quest
                  | for the Orb.
     0 | D:1      | Reached XP level 1. HP: 10/10 MP: 3/3
    63 | D:1      | Found Awnur's Magic Scroll Shoppe.
    90 | D:1      | Found Poibape's Assorted Antiques.
   116 | D:1      | Reached skill level 4 in Earth Magic
   156 | D:1      | Reached XP level 2. HP: 15/15 MP: 1/5
   821 | D:1      | Reached XP level 3. HP: 19/19 MP: 6/6
   826 | D:1      | Found Fyll's Antique Armour Shop.
   869 | D:1      | Reached skill level 5 in Earth Magic
  1035 | D:1      | Found Uleuh's Jewellery Shoppe.
  1243 | D:1      | Found a faded altar of an unknown god.
  1274 | D:1      | Upgraded the game from 0.27-a0-1347-gd8886f0a89 to
                  | 0.28-a0-622-gbaef9634d7
  1859 | D:3      | Slain by an orc

Illustrated notes

Levels and vault maps discovered:
D:1:      moated_graveyard_arrival, layout_basic,
          hellmonk_ecumenical_altar_arch_garden, serial_shops, shop_fountains,
          nicolae_shop_trees, nicolae_diamond_shop, nicolae_shop_statue_plus,
          minmay_cut_off
D:2:      layout_basic
D:3:      layout_loops_corners, ebering_dispersal_statue_hall,
          kennysheep_generic_room_7, uniq_terence

Skill      XL: |  1  2  3 |
---------------+----------+-----
Earth Magic    | 4 5 |  5.2
Fighting       | |  0.5
Short Blades   | |  0.6
Maces & Flails | |  0.1
Dodging        | |  1.5
Stealth        | |  2.1
Spellcasting   | |  2.0
Transmutations | |  0.7

Action                   || total
-------------------------++-------
Melee: Dagger            ||    23
       Whip              ||    59
 Cast: Sandblast         ||    10
 Stab: Sleeping          ||     2
Armor: Robe              ||    45
Dodge: Dodged            ||    65

Table legend: (Time is in decaauts)
 A = Elapsed time spent in this place.
 B = Non-inter-level travel time spent in this place.
 C = Inter-level travel time spent in this place.
 D = Time resting spent in this place.
 E = Time spent auto-exploring this place.
 F = Levels seen in this place.
 G = Mean time per level.
                   A        B        C        D        E       F      G
               +--------+--------+--------+--------+--------+-----+--------+
         Total |   1863 |   1843 |     20 |    311 |    928 |   3 |  621.0 |
       Dungeon |   1863 |   1843 |     20 |    311 |    928 |   3 |  621.0 |
               +--------+--------+--------+--------+--------+-----+--------+

Top non-repeatable levels by time:
     D:1: 1331 daAuts
     D:2: 495 daAuts
     D:3: 35 daAuts
